 Dungeon Crawl Stone Soup version 0.28.0-43-g3370ac3207 (webtiles) character file.

Game seed: 8966318438639095205

228 croobank the Prestidigitator (level 6, 0/44 HPs)
             Began as a Gnoll Wanderer on Mar 31, 2022.
             Killed from afar by an orc wizard (4 damage)
             ... with a puff of flame
             ... on level 4 of the Dungeon.
             The game lasted 00:14:08 (3653 turns).

croobank the Prestidigitator (Gnoll Wanderer)       Turns: 3653, Time: 00:14:09

Health: 0/44       AC:  8    Str: 19    XL:     6   Next: 2%
Magic:  8/8        EV: 11    Int: 10    God:
Gold:   147        SH:  0    Dex: 13    Spells: 5/8 levels left

rFire   . . .      SeeInvis .   a - +0 short sword
rCold   . . .      Faith    .   (no shield)
rNeg    . . .      Spirit   .   k - +0 ring mail
rPois   .          Reflect  .   u - +0 helmet
rElec   .          Harm     .   g - scarf {+Inv}
rCorr   .          Rampage  .   (no gloves)
Will    .....                   r - +1 pair of boots
Stlth   ..........              (no amulet)
HPRegen 0.14/turn               l - +6 ring of strength
MPRegen 0.11/turn               (no ring)

@: confused, lethally poisoned (0 -> -25)
A: fangs 1, strong nose, distributed training
a: Evoke Invisibility


You were on level 4 of the Dungeon.
You visited 1 branch of the dungeon, and saw 4 of its levels.

You collected 147 gold pieces.

Inventory:

Hand Weapons
 a - a +0 short sword (weapon)
 b - a +0 hunting sling
 d - a +0 dagger
 j - a +0 flail
 m - a +0 trident
 q - a +1 dagger of venom
Missiles
 c - 21 poisoned darts (quivered)
 h - 40 arrows
 i - 70 stones
 t - 17 bolts
Armour
 e - a +0 leather armour
 f - a +0 chain mail
 g - a scarf of invisibility (worn)
 k - a +0 ring mail (worn)
 r - a +1 pair of boots (worn)
 u - a +0 helmet (worn)
Jewellery
 l - a +6 ring of strength (left hand)
Wands
 p - a wand of polymorph (7)
 s - a wand of iceblast (3)
 v - a wand of paralysis (5)
Scrolls
 n - a scroll of identify
 w - a scroll of enchant weapon {unknown}


   Skills:
 + Level 1.7 Fighting
 + Level 4.9 Short Blades
 + Level 1.7 Long Blades
 + Level 1.7 Axes
 + Level 1.7 Maces & Flails
 + Level 1.7 Polearms
 + Level 1.7 Staves
 + Level 1.7 Slings
 + Level 1.7 Bows
 + Level 1.7 Crossbows
 + Level 4.9 Throwing
 + Level 1.7 Armour
 + Level 3.1 Dodging
 + Level 1.7 Stealth
 + Level 1.7 Shields
 + Level 1.7 Unarmed Combat
 + Level 1.7 Spellcasting
 + Level 1.3 Conjurations
 + Level 1.3 Hexes
 + Level 1.3 Summonings
 + Level 1.3 Necromancy
 + Level 1.3 Translocations
 + Level 1.3 Transmutations
 + Level 1.3 Fire Magic
 + Level 1.3 Ice Magic
 + Level 1.3 Air Magic
 + Level 1.3 Earth Magic
 + Level 1.3 Poison Magic
 + Level 2.0 Invocations
 + Level 10.5 Evocations


You had 5 spell levels left.
You knew the following spells:

 Your Spells              Type           Power      Damage    Failure   Level
a - Mephitic Cloud        Conj/Pois/Air  3%         N/A       67%         3

Your spell library contained the following spells:

 Spells                   Type           Power      Damage    Failure   Level
 Ignite Poison            Fire/Tmut/Pois 3%         N/A       67%         3
 Freezing Cloud           Conj/Ice/Air   1%         6-21      100%        5


Dungeon Overview and Level Annotations

Branches:
Dungeon (4/15)
 Temple: D:4-7

Altars:


Innate Abilities, Weirdness & Mutations

You have very sharp teeth.
Your uncanny sense of smell can sniff out nearby items.
Your experience applies equally to all skills.


Message History

You hear a shout!
You are too confused!
You aren't carrying any potions.
You hit the orc but do no damage.
You feel sick. The endoplasm closely misses you.
You bump into the rock wall.
You feel sick. Something hits you.
You are more poisoned.
The orc completely misses you. The endoplasm barely misses you.
You completely miss something. Your bite misses something.
You feel very sick.
You hear some strange, mumbled words.
A magic dart appears from out of thin air!
The magic dart hits you but does no damage.
The orc hits you with a +0 flail.
* * * LOW HITPOINT WARNING * * *
The endoplasm hits you but does no damage.
An orc comes into view. It is wielding a +0 dagger.
You completely miss something.
* * * LOW HITPOINT WARNING * * *
You feel sick. Something hits you but does no damage.
You are more poisoned.
The orc barely misses you. The endoplasm misses you.
You completely miss something.
* * * LOW HITPOINT WARNING * * *
You feel very sick. Something hits you but does no damage.
You are more poisoned.
The orc hits you but does no damage.
The endoplasm hits you but does no damage.
You are too confused!
You feel stronger.
l - a +6 ring of strength (left hand)
* * * LOW HITPOINT WARNING * * *
You feel very sick.
The orc wizard casts a spell.
The orc wizard flickers and vanishes!
You hear some strange, mumbled words.
A puff of flame appears from out of thin air!
The puff of flame hits you.
You die...

#[##.#.###..#
#.##.#.#....
#....#.#.#.#####
#..#.....#.....#
######..#.#.........#
..........#..##.##.<#
#####..###>.##.##..#.#
#.J{# #...........#
#.#@# ##.##.##..###
#.#o# #.##.##..#
......{o# #........#
.J...o### ####.###.#
.####. #.# #.. # ...
... ##. ... ∆


You could see 3 orcs and an endoplasm.

Vanquished Creatures
  Menkaure (D:4)
  Robin (D:3)
  2 adders
  A worm (D:2)
  A dart slug (D:2)
  4 orcs
  7 ball pythons
  6 endoplasms
  A giant cockroach (D:1)
  12 goblins
  6 hobgoblins
  3 kobolds
  7 quokkas
  4 bats
  2 frilled lizards (D:1)
  7 rats
65 creatures vanquished.

Vanquished Creatures (others)
  2 fungi (D:2)
  2 plants (D:2)
4 creatures vanquished.

Grand Total: 69 creatures vanquished

Notes
Turn   | Place    | Note
-------+----------+-------------------------------------------
     0 | D:1      | Reached skill level 10 in Evocations
     0 | D:1      | croobank the Gnoll Wanderer began the quest for the Orb.
     0 | D:1      | croobank set off with the following items: a +0 short
                  | sword, a wand of iceblast (3), 9 poisoned darts, a +0
                  | dagger, a +0 leather armour
     0 | D:1      | Reached XP level 1. HP: 13/13 MP: 1/1
   215 | D:1      | Reached XP level 2. HP: 19/19 MP: 2/2
  1321 | D:2      | Reached XP level 3. HP: 23/25 MP: 3/3
  1325 | D:2      | Learned a level 3 spell: Mephitic Cloud
  1759 | D:2      | Reached skill level 1 in Invocations
  2046 | D:2      | Found a faded altar of an unknown god.
  2082 | D:2      | Reached skill level 1 in Fighting
  2082 | D:2      | Reached skill level 1 in Long Blades
  2082 | D:2      | Reached skill level 1 in Axes
  2082 | D:2      | Reached skill level 1 in Maces & Flails
  2082 | D:2      | Reached skill level 1 in Polearms
  2082 | D:2      | Reached skill level 1 in Staves
  2082 | D:2      | Reached skill level 1 in Slings
  2082 | D:2      | Reached skill level 1 in Bows
  2082 | D:2      | Reached skill level 1 in Crossbows
  2082 | D:2      | Reached skill level 1 in Armour
  2082 | D:2      | Reached skill level 1 in Stealth
  2082 | D:2      | Reached skill level 1 in Shields
  2082 | D:2      | Reached skill level 1 in Unarmed Combat
  2082 | D:2      | Reached skill level 1 in Spellcasting
  2492 | D:3      | Reached XP level 4. HP: 32/32 MP: 5/5
  2958 | D:3      | Noticed Robin
  2973 | D:3      | Reached skill level 1 in Conjurations
  2973 | D:3      | Reached skill level 1 in Hexes
  2973 | D:3      | Reached skill level 1 in Summonings
  2973 | D:3      | Reached skill level 1 in Necromancy
  2973 | D:3      | Reached skill level 1 in Translocations
  2973 | D:3      | Reached skill level 1 in Transmutations
  2973 | D:3      | Reached skill level 1 in Fire Magic
  2973 | D:3      | Reached skill level 1 in Ice Magic
  2973 | D:3      | Reached skill level 1 in Air Magic
  2973 | D:3      | Reached skill level 1 in Earth Magic
  2973 | D:3      | Reached skill level 1 in Poison Magic
  2976 | D:3      | Killed Robin
  3511 | D:4      | Noticed Menkaure
  3531 | D:4      | Killed Menkaure
  3532 | D:4      | Reached XP level 5. HP: 29/38 MP: 5/7
  3532 | D:4      | Reached XP level 6. HP: 33/44 MP: 5/8
  3653 | D:4      | Killed from afar by an orc wizard

Illustrated notes

Levels and vault maps discovered:
D:1:      dpeg_arrival_refuge, layout_basic
D:2:      layout_basic, shapermc_ecumenical_altar_acropolis
D:3:      layout_loops_corners, nrook_campfire, uniq_robin
D:4:      layout_loops_ring, uniq_ijyb, uniq_menkaure

Skill      XL: |  1  2  3  4  5  6 |
---------------+-------------------+-----
Evocations     | | 10.5
Invocations    | 1 2 |  2.0
Fighting       | 1 |  1.7
Long Blades    | 1 |  1.7
Axes           | 1 |  1.7
Maces & Flails | 1 |  1.7
Polearms       | 1 |  1.7
Staves         | 1 |  1.7
Slings         | 1 |  1.7
Bows           | 1 |  1.7
Crossbows      | 1 |  1.7
Armour         | 1 |  1.7
Stealth        | 1 |  1.7
Shields        | 1 |  1.7
Unarmed Combat | 1 |  1.7
Spellcasting   | 1 |  1.7
Conjurations   | 1 |  1.3
Hexes          | 1 |  1.3
Summonings     | 1 |  1.3
Necromancy     | 1 |  1.3
Translocations | 1 |  1.3
Transmutations | 1 |  1.3
Fire Magic     | 1 |  1.3
Ice Magic      | 1 |  1.3
Air Magic      | 1 |  1.3
Earth Magic    | 1 |  1.3
Poison Magic   | 1 |  1.3
Dodging        | 3 |  3.1
Short Blades   | |  4.9
Throwing       | |  4.9

Action                   |  1- 3 |  4- 6 || total
-------------------------+-------+-------++-------
Melee: Short sword       |   155 |   100 ||   255
       Bite              |    11 |     9 ||    20
       Punch             |     1 |     2 ||     3
       Unarmed           |       |     6 ||     6
Throw: Dart              |     3 |     5 ||     8
Evoke: Wand              |       |     1 ||     1
  Use: Scroll            |     7 |       ||     7
       Potion            |     1 |     2 ||     3
 Stab: Paralysed         |       |     3 ||     3
Armor: Leather armour    |    32 |       ||    32
       Ring mail         |     6 |    31 ||    37
       Skin              |       |     5 ||     5
Dodge: Dodged            |    69 |    63 ||   132
